 Dungeon Crawl Stone Soup version 0.29.1-1-gd02db6906a (webtiles) character file.

Game seed: 1685400698330322471

128 Demigod47 the Covered (level 4, -4/41 HPs)
             Began as a Minotaur Fighter on Oct 7, 2022.
             Succumbed to an orc wizard's poison
             ... on level 3 of the Dungeon.
             The game lasted 00:04:03 (1708 turns).

Demigod47 the Covered (Minotaur Fighter)            Turns: 1708, Time: 00:04:03

Health: -4/41      AC:  8    Str: 22    XL:     4   Next: 86%
Magic:  3/3        EV:  9    Int:  5    God:
Gold:   129        SH:  0    Dex: 10    Spells: 3/3 levels left

rFire   . . .      SeeInvis .   g - +2 hand axe (venom)
rCold   . . .      Faith    .   c - +0 buckler
rNeg    . . .      Spirit   .   b - +0 scale mail
rPois   .          Reflect  .   (helmet restricted)
rElec   .          Harm     .   (no cloak)
rCorr   .          Rampage  .   e - +0 pair of gloves
Will    .....                   (no boots)
Stlth   ..........              m - amulet of magic regeneration
HPRegen 0.13/turn               l - +4 ring of slaying
MPRegen 0.48/turn               (no ring)

@: confused, lethally poisoned (-4 -> -30), attractive
A: horns 2, retaliatory headbutt
a: no special abilities


You were on level 3 of the Dungeon.
You visited 1 branch of the dungeon, and saw 3 of its levels.

You collected 129 gold pieces.

Inventory:

Hand Weapons
 a - a +0 flail
 g - a +2 hand axe of venom (weapon)
Missiles
 t - 10 poisoned darts (quivered)
Armour
 b - a +0 scale mail (worn)
 c - a +0 buckler (worn)
 e - a +0 pair of gloves (worn)
Jewellery
 l - a +4 ring of slaying (left hand)
 m - an amulet of magic regeneration (around neck)
Scrolls
 h - a scroll of acquirement {unknown}
 i - 2 scrolls of noise {unknown}
 j - 3 scrolls of magic mapping {unknown}
 k - 2 scrolls of identify {unknown}
 n - a scroll of poison {unknown}
 o - 2 scrolls of amnesia {unknown}
 p - a scroll of blinking {unknown}
 q - a scroll of fear {unknown}
Potions
 d - a potion of might


   Skills:
 + Level 4.6 Fighting
 + Level 1.2(2.2) Axes
 + Level 2.9(3.0) Maces & Flails
 + Level 4.9 Armour
 + Level 0.5 Dodging
 + Level 4.4 Shields


You had 3 spell levels left.
You didn't know any spells.
Your spell library contained the following spells:

 Spells                   Type           Power      Damage    Failure   Level
 Blink                    Tloc           0%         N/A       95%         2
 Lesser Beckoning         Tloc           0%         N/A       99%         3
 Manifold Assault         Tloc           0%         N/A       100%        5


Dungeon Overview and Level Annotations

Branches:
Dungeon (3/15)

Altars:


Innate Abilities, Weirdness & Mutations

You have a pair of horns on your head.
You reflexively headbutt those who attack you in melee.


Message History

It was a potion of ambrosia.
You are more confused.
You feel invigorated.
You feel sick.
It was a potion of attraction.
You feel attractive to monsters.
You feel sick.
You hear some strange, mumbled words.
Something tries to affect you, but you resist.
It was a potion of curing.
You feel better.
You feel less invigorated. Something hits you but does no damage.
You are poisoned.
You feel very sick. Something hits you.
You are more poisoned.
Save game and exit?
Okay, then.
Something hits you.
You are lethally poisoned!
You feel very sick.
You feel very sick.
You hear some strange, mumbled words.
You are confused.
You bump into the rock wall.
* * * LOW HITPOINT WARNING * * *
You feel very sick. Something hits you.
* * * LOW HITPOINT WARNING * * *
You are more poisoned.
You bump into the rock wall.
* * * LOW HITPOINT WARNING * * *
You feel very sick. Something hits you but does no damage.
You are more poisoned.
You bump into the rock wall.
* * * LOW HITPOINT WARNING * * *
You feel very sick. Something hits you but does no damage.
You are more poisoned.
You bump into the rock wall.
You die...

#.##...........#
#.#########....#
#...### #...)##
###...## #...))#
###..# #####.#
##.## #.# #..###
#.# ##...##
#.### ###..#
#.@.#
##.######.#
#........#
##########


There were no monsters in sight!

Vanquished Creatures
  Terence (D:2)
  5 adders (D:2)
  A dart slug (D:2)
  4 orcs (D:3)
  5 bats
  3 endoplasms
  A giant cockroach (D:2)
  3 goblins (D:2)
  9 hobgoblins
  2 jackals (D:1)
  5 quokkas
  4 ball pythons
  3 kobolds
  3 rats (D:1)
49 creatures vanquished.

Notes
Turn   | Place    | Note
-------+----------+-------------------------------------------
     0 | D:1      | Demigod47 the Minotaur Fighter began the quest for the Orb.
     0 | D:1      | Reached XP level 1. HP: 19/19 MP: 0/0
   226 | D:1      | Reached XP level 2. HP: 27/27 MP: 1/1
   741 | D:2      | Reached XP level 3. HP: 33/33 MP: 2/2
   854 | D:2      | Noticed Terence
   862 | D:2      | Killed Terence
   863 | D:2      | Reached XP level 4. HP: 31/41 MP: 3/3
  1053 | D:2      | Reached skill level 1 in Axes
  1707 | D:3      | HP: 1/41 [poisoned by an orc wizard]
  1708 | D:3      | Succumbed to an orc wizard's poison

Illustrated notes

Levels and vault maps discovered:
D:1:      lightli_arrival_windingriver, layout_rooms, chequers_arboretum,
          hangedman_decor_push
D:2:      layout_loops_ring, minmay_tripent, uniq_terence
D:3:      layout_rooms, hellmonk_ecumenical_altar_inner_sanctum, fountainhead,
          uniq_sigmund

Skill      XL: |  1  2  3  4 |
---------------+-------------+-----
Shields        | 4 |  4.4
Armour         | 4 |  4.9
Fighting       | 4 |  4.6
Axes           | 1 |  1.2
Maces & Flails | |  2.9
Dodging        | |  0.5

Action                   |  1- 3 |  4- 6 || total
-------------------------+-------+-------++-------
Melee: Flail             |    22 |       ||    22
       Headbutt          |    11 |     4 ||    15
       Hand axe          |    39 |    30 ||    69
  Use: Potion            |     1 |     3 ||     4
Armor: Scale mail        |    30 |    15 ||    45
Dodge: Dodged            |    28 |    21 ||    49
Block: Buckler           |    12 |     2 ||    14
